Blackhawks vs Rangers
Created - 30 janvier 2014 at 22:31
Goals
|
| Blackhawks |
2 |
0 |
0 |
0 |
2 |
| Rangers |
0 |
2 |
0 |
1 |
3 |
|
Shots
|
| Blackhawks |
16 |
9 |
10 |
1 |
36 |
| Rangers |
10 |
16 |
5 |
4 |
35 |
|
1st period
1. Blackhawks , Scott Gomez 20 (Wes O'Neill) at 15:28 (SH)
2. Blackhawks , Colby Armstrong 14 (Christian Ehrhoff) at 16:55
Penalties :
Milan Lucic (NYR) for Slashing (Minor) at 0:23, Mark Fistric (NYR) for Hooking (Minor) at 9:44, Colby Armstrong (Chi) for Interference (Minor) at 13:33
2nd period
3. Rangers , Dustin Brown 13 (Patrick Sharp, Mark Fistric) at 2:04
4. Rangers , Johan Franzen 13 (Milan Lucic, Cam Barker) at 4:01 (PP)
Penalties :
Scott Gomez (Chi) for Holding (Minor) at 3:25, Sergei Shirokov (Chi) for Interference (Minor) at 7:57
3rd period
No Goal
Penalties :
Stephane Robidas (Chi) for Hooking (Minor) at 0:40, Dustin Brown (NYR) for Hooking (Minor) at 1:09, Milan Lucic (NYR) for Hooking (Minor) at 8:00, Matt Greene (NYR) for Interference (Minor) at 15:04
Overtime #1
5. Rangers , Alexandre Burrows 9 (Kimmo Timonen) at 2:38
Penalties :
No Penalty
Goalie Stats
Jocelyn Thibault (Chi), 32 saves from 35 shots - (0,914), OTL, 6-4-1, 62:38 minutes
Henrik Lundqvist (NYR), 34 saves from 36 shots - (0,944), W, 18-15-3, 62:38 minutes
Players Stats for Blackhawks
Player Name G A P +/- PIM S H SB GA TA FO MP PP MP PK MP
------------------------------------------------------------------------------------
Brad Ference 0 0 0 -1 0 1 1 1 0 1 0/0 13:06 0:00 0:00
Chris Gratton 0 0 0 0 0 2 0 0 0 0 2/3 9:18 0:00 0:28
Christian Ehrhoff 0 1 1 2 0 0 2 1 0 0 0/0 19:56 3:21 1:59
Colby Armstrong 1 0 1 0 2 2 0 1 0 0 2/2 15:08 0:02 1:57
Daniel Carcillo 0 0 0 0 0 1 1 0 0 0 0/0 9:57 0:00 1:13
George Parros 0 0 0 1 0 1 1 2 0 0 0/0 10:20 0:00 0:51
Hnat Domenichelli 0 0 0 0 0 0 1 0 0 0 0/0 9:02 0:00 0:35
Joe Sakic 0 0 0 0 0 3 2 0 1 0 15/21 17:43 4:41 0:00
Jordan Staal 0 0 0 0 0 0 0 0 1 0 6/11 12:58 0:01 2:56
Kris Versteeg 0 0 0 0 0 3 2 0 1 1 1/1 24:01 4:41 1:15
Kristopher Letang 0 0 0 1 0 3 0 1 1 1 0/0 25:32 5:04 1:59
Loui Eriksson 0 0 0 0 0 5 0 0 0 0 0/0 15:17 3:43 0:00
Rene Bourque 0 0 0 -1 0 5 3 0 0 0 1/1 20:59 4:41 0:00
Scott Gomez 1 0 1 0 2 6 0 0 1 0 16/27 21:54 3:43 0:51
Sergei Shirokov 0 0 0 0 2 1 0 0 0 0 0/0 12:02 3:42 0:00
Stephane Robidas 0 0 0 -1 2 2 2 2 0 0 0/0 25:55 5:05 0:00
Steve McCarthy 0 0 0 0 0 1 2 2 0 0 0/0 24:55 3:03 3:04
Wes O'Neill 0 1 1 -1 0 0 1 1 0 0 0/0 15:52 0:18 3:04
Players Stats for Rangers
Player Name G A P +/- PIM S H SB GA TA FO MP PP MP PK MP
------------------------------------------------------------------------------------
Alexandre Burrows 1 0 1 1 0 2 0 0 0 0 1/1 10:51 0:00 1:09
Artem Anisimov 0 0 0 -1 0 1 1 0 0 1 0/2 6:45 0:00 0:00
Brent Seabrook 0 0 0 -1 0 3 0 1 0 0 0/0 25:41 1:49 5:06
Bryan Berard 0 0 0 -2 0 4 1 0 0 1 0/0 20:29 1:49 1:38
Byron Ritchie 0 0 0 0 0 0 1 1 0 0 2/4 9:24 0:00 0:46
Cam Barker 0 1 1 1 0 1 5 2 0 1 0/0 29:04 3:14 5:03
Drew Stafford 0 0 0 1 0 2 2 0 0 0 0/1 9:42 0:00 0:00
Dustin Brown 1 0 1 0 2 4 1 1 0 0 0/1 15:53 2:01 0:00
Jaroslav Balastik 0 0 0 -1 0 3 2 0 0 0 2/6 11:16 0:00 3:05
Johan Franzen 1 0 1 0 0 4 2 0 2 2 0/0 24:40 3:01 4:44
Kimmo Timonen 0 1 1 0 0 3 1 2 1 0 0/0 22:25 3:00 0:00
Mark Fistric 0 1 1 1 2 0 0 1 0 0 0/0 14:14 0:00 2:29
Matt Greene 0 0 0 1 2 0 1 1 0 0 0/0 13:27 0:14 2:34
Matt Read 0 0 0 -1 0 0 0 0 0 0 0/0 6:45 0:00 0:00
Milan Lucic 0 1 1 0 4 2 0 0 0 0 5/9 23:20 3:01 2:20
Patrice Bergeron 0 0 0 0 0 1 2 0 0 0 7/24 21:50 3:01 2:26
Patrick Sharp 0 1 1 0 0 2 3 2 0 0 0/0 19:00 2:02 2:20
Valtteri Filppula 0 0 0 0 0 3 3 0 0 0 6/18 15:46 2:02 0:00
3 Stars
1 - Cam Barker (NYR)
2 - Henrik Lundqvist (NYR)
3 - Christian Ehrhoff (Chi)
Power Play
Blackhawks - 0 on 5 Attempt(s) - 0,00%
Rangers - 1 on 4 Attempt(s) - 25,00%
Penalty Kill
Blackhawks - 3 on 4 Attempt(s) - 75,00%
- Score 1 goal in Penalty Kill
Rangers - 5 on 5 Attempt(s) - 100,00%
- Score 0 goal in Penalty Kill
Official
Referees : Furlatt Eric and Dwyer Gord
Linesman : Lyle Seitz and Shane Heyer
Game Notes
No Game Note
Finance
Level 1 -- Attendance: 4641 (77,35%) -- Ticket Income 417 690 $
Level 2 -- Attendance: 4079 (81,58%) -- Ticket Income 224 345 $
Level 3 -- Attendance: 1742 (87,10%) -- Ticket Income 52 260 $
Level 4 -- Attendance: 3536 (88,40%) -- Ticket Income 70 720 $
Luxury Box -- Attendance: 731 (73,10%) -- Ticket Income 127 925 $
Game was played at the Madison Square Garden
Total Attendance: 14729 (81,83%)
Total Ticket Income: 892 940 $
Other Income: 133 941 $
Total Income: 1 026 881 $
Blackhawks
5 vs 5 Forward
Center Left Wing Right Wing Time % Phy DF OF
1 Scott Gomez Kris Versteeg Rene Bourque 40 1 2 2
2 Joe Sakic Loui Eriksson Colby Armstrong 30 1 2 2
3 Jordan Staal Daniel Carcillo Sergei Shirokov 20 2 2 1
4 Chris Gratton Hnat Domenichelli George Parros 10 1 2 2
5 vs 5 Defense
Defense Defense Time % Phy DF OF
1 Stephane Robidas Steve McCarthy 40 1 2 2
2 Christian Ehrhoff Kristopher Letang 30 1 2 2
3 Brad Ference Wes O'Neill 20 1 2 2
4 Stephane Robidas Steve McCarthy 10 1 2 2
PowerPlay Forward
Center Left Wing Right Wing Time % Phy DF OF
1 Joe Sakic Kris Versteeg Rene Bourque 60 1 0 4
2 Scott Gomez Loui Eriksson Sergei Shirokov 40 1 0 4
PowerPlay Defense
Defense Defense Time % Phy DF OF
1 Stephane Robidas Kristopher Letang 60 1 1 3
2 Christian Ehrhoff Steve McCarthy 40 1 1 3
Penalty Kill 4 Players Forward
Center Wing Time % Phy DF OF
1 Jordan Staal Colby Armstrong 60 1 4 0
2 Scott Gomez George Parros 40 1 4 0
Penalty Kill 4 Players Defense
Defense Defense Time % Phy DF OF
1 Wes O'Neill Steve McCarthy 60 1 4 0
2 Christian Ehrhoff Kristopher Letang 40 1 4 0
Penalty Kill - 3 Players Forward
Forward Time % Phy DF OF
1 Joe Sakic 60 1 4 0
2 Colby Armstrong 40 1 4 0
Penalty Kill - 3 Players Defense
Defense Defense Time % Phy DF OF
1 Wes O'Neill Steve McCarthy 60 1 4 0
2 Kristopher Letang Brad Ference 40 1 4 0
4 vs 4 Forward
Center Wing Time % Phy DF OF
1 Joe Sakic Kris Versteeg 60 1 2 2
2 Scott Gomez Rene Bourque 40 1 2 2
4 vs 4 Defense
Defense Defense Time % Phy DF OF
1 Stephane Robidas Kristopher Letang 60 1 2 2
2 Brad Ference Steve McCarthy 40 1 2 2
Last Minutes Offensive
Center Left Wing Right Wing Defense Defense
Joe Sakic Kris Versteeg Rene Bourque Stephane Robidas Kristopher Letang
Last Minutes Defensive
Center Left Wing Right Wing Defense Defense
Joe Sakic Kris Versteeg Colby Armstrong Brad Ference Steve McCarthy
Goaltenders
Starting : Jocelyn Thibault
Backup : Roberto Luongo
Extra Forwards
Normal : Colby Armstrong, Jordan Staal, George Parros - PP : Colby Armstrong, Jordan Staal - PK : Kris Versteeg
Extra Defensemen
Normal : Brad Ference, Kristopher Letang, Wes O'Neill - PP : Kristopher Letang - PK : Kristopher Letang, Steve McCarthy
Penalty Shots
Joe Sakic, Loui Eriksson, Kris Versteeg, Scott Gomez, Rene Bourque
Rangers
5 vs 5 Forward
Center Left Wing Right Wing Time % Phy DF OF
1 Patrice Bergeron Milan Lucic Johan Franzen 40 1 2 2
2 Valtteri Filppula Patrick Sharp Dustin Brown 30 1 2 2
3 Byron Ritchie Alexandre Burrows Drew Stafford 20 1 2 2
4 Artem Anisimov Jaroslav Balastik Matt Read 10 1 2 2
5 vs 5 Defense
Defense Defense Time % Phy DF OF
1 Cam Barker Brent Seabrook 40 1 2 2
2 Kimmo Timonen Bryan Berard 30 1 2 2
3 Matt Greene Mark Fistric 20 1 2 2
4 Cam Barker Kimmo Timonen 10 1 2 2
PowerPlay Forward
Center Left Wing Right Wing Time % Phy DF OF
1 Patrice Bergeron Milan Lucic Johan Franzen 60 1 2 2
2 Valtteri Filppula Patrick Sharp Dustin Brown 40 1 2 2
PowerPlay Defense
Defense Defense Time % Phy DF OF
1 Cam Barker Kimmo Timonen 60 1 2 2
2 Brent Seabrook Bryan Berard 40 1 2 2
Penalty Kill 4 Players Forward
Center Wing Time % Phy DF OF
1 Milan Lucic Johan Franzen 60 1 2 2
2 Patrice Bergeron Patrick Sharp 40 1 2 2
Penalty Kill 4 Players Defense
Defense Defense Time % Phy DF OF
1 Cam Barker Brent Seabrook 60 1 2 2
2 Mark Fistric Matt Greene 40 1 2 2
Penalty Kill - 3 Players Forward
Forward Time % Phy DF OF
1 Milan Lucic 60 1 2 2
2 Johan Franzen 40 1 2 2
Penalty Kill - 3 Players Defense
Defense Defense Time % Phy DF OF
1 Cam Barker Brent Seabrook 60 1 2 2
2 Mark Fistric Matt Greene 40 1 2 2
4 vs 4 Forward
Center Wing Time % Phy DF OF
1 Milan Lucic Johan Franzen 60 1 2 2
2 Patrick Sharp Patrice Bergeron 40 1 2 2
4 vs 4 Defense
Defense Defense Time % Phy DF OF
1 Cam Barker Kimmo Timonen 60 1 2 2
2 Brent Seabrook Bryan Berard 40 1 2 2
Last Minutes Offensive
Center Left Wing Right Wing Defense Defense
Patrice Bergeron Milan Lucic Johan Franzen Cam Barker Kimmo Timonen
Last Minutes Defensive
Center Left Wing Right Wing Defense Defense
Patrice Bergeron Milan Lucic Johan Franzen Cam Barker Kimmo Timonen
Goaltenders
Starting : Henrik Lundqvist
Backup : Hannu Toivonen
Extra Forwards
Normal : Drew Stafford, Alexandre Burrows, Jaroslav Balastik - PP : Drew Stafford, Alexandre Burrows - PK : Jaroslav Balastik
Extra Defensemen
Normal : Matt Greene, Mark Fistric, Brent Seabrook - PP : Matt Greene - PK : Mark Fistric, Brent Seabrook
Penalty Shots
Milan Lucic, Johan Franzen, Patrick Sharp, Patrice Bergeron, Dustin Brown
% Time on Ice - Blackhawks
Lines # - Real PCT - Wanted PCT - Time Play
Normal Forward
1 - 37% - 40% - 16:31
2 - 27% - 30% - 12:19
3 - 17% - 20% - 7:45
4 - 19% - 10% - 8:27
Normal Defense
1 - 40% - 40% - 17:52
2 - 32% - 30% - 14:17
3 - 25% - 20% - 11:19
4 - 3% - 10% - 1:34
PP Forward
1 - 56% - 60% - 4:42
2 - 44% - 40% - 3:43
PP Defense
1 - 64% - 60% - 5:22
2 - 36% - 40% - 3:03
PK Forward
1 - 83% - 60% - 4:12
2 - 17% - 40% - 0:51
PK Defense
1 - 61% - 60% - 3:04
2 - 39% - 40% - 1:59
PK3 Forward
1 - 0% - 60%
2 - 0% - 40%
PK3 Defense
1 - 0% - 60%
2 - 0% - 40%
44 Forward
1 - 76% - 60% - 3:08
2 - 24% - 40% - 1:00
44 Defense
1 - 79% - 60% - 3:16
2 - 21% - 40% - 0:52
Last Minute Offensive - 0:00
Last Minute Defensive - 0:00
Total
Forward - 62:38
Defense - 62:38
|
% Time on Ice - Rangers
Lines # - Real PCT - Wanted PCT - Time Play
Normal Forward
1 - 35% - 40% - 15:43
2 - 31% - 30% - 13:56
3 - 19% - 20% - 8:38
4 - 15% - 10% - 6:45
Normal Defense
1 - 40% - 40% - 17:55
2 - 35% - 30% - 15:37
3 - 21% - 20% - 9:21
4 - 5% - 10% - 2:09
PP Forward
1 - 60% - 60% - 3:01
2 - 40% - 40% - 2:02
PP Defense
1 - 64% - 60% - 3:14
2 - 36% - 40% - 1:49
PK Forward
1 - 72% - 60% - 6:05
2 - 28% - 40% - 2:20
PK Defense
1 - 60% - 60% - 5:03
2 - 40% - 40% - 3:22
PK3 Forward
1 - 0% - 60%
2 - 0% - 40%
PK3 Defense
1 - 0% - 60%
2 - 0% - 40%
44 Forward
1 - 79% - 60% - 3:15
2 - 21% - 40% - 0:53
44 Defense
1 - 54% - 60% - 2:14
2 - 46% - 40% - 1:54
Last Minute Offensive - 0:00
Last Minute Defensive - 0:00
Total
Forward - 62:38
Defense - 62:38
|
Play by Play
1st period
0:01 of 1st period - Scott Gomez wins face-off versus Patrice Bergeron in neutral zone.
0:23 of 1st period - Minor Penalty to Milan Lucic for Slashing.
0:24 of 1st period - Jaroslav Balastik wins face-off versus Joe Sakic in Rangers zone.
0:35 of 1st period - Slapshot by Rene Bourque.
0:35 of 1st period - Stopped by Henrik Lundqvist with a rebound.
0:55 of 1st period - Backhand shot by Loui Eriksson.
0:55 of 1st period - Shot Blocked by Cam Barker.
0:57 of 1st period - Wrist shot by Sergei Shirokov.
0:57 of 1st period - Stopped by Henrik Lundqvist without a rebound.
0:58 of 1st period - Jaroslav Balastik wins face-off versus Scott Gomez in Rangers zone.
1:21 of 1st period - Wrist shot by Loui Eriksson.
1:21 of 1st period - Stopped by Henrik Lundqvist with a rebound.
1:23 of 1st period - Wrist shot by Loui Eriksson.
1:23 of 1st period - Stopped by Henrik Lundqvist with a rebound.
1:25 of 1st period - Slapshot by Steve McCarthy.
1:25 of 1st period - Stopped by Henrik Lundqvist without a rebound.
1:26 of 1st period - Patrice Bergeron wins face-off versus Joe Sakic in Rangers zone.
1:31 of 1st period - Snap shot by Patrice Bergeron.
1:31 of 1st period - Shot Misses the Net.
1:57 of 1st period - Off-side.
1:58 of 1st period - Joe Sakic wins face-off versus Jaroslav Balastik in neutral zone.
2:23 of 1st period - Penalty to Milan Lucic is over, Milan Lucic is back on ice.
2:23 of 1st period - Slapshot by Patrice Bergeron.
2:23 of 1st period - Deflect By Patrick Sharp.
2:23 of 1st period - Shot Misses the Net.
2:23 of 1st period - Puck is out of play.
2:24 of 1st period - Scott Gomez wins face-off versus Valtteri Filppula in Blackhawks zone.
2:54 of 1st period - Wrist shot by George Parros.
2:54 of 1st period - Stopped by Henrik Lundqvist without a rebound.
2:55 of 1st period - Chris Gratton wins face-off versus Patrice Bergeron in Rangers zone.
3:34 of 1st period - Wrist shot by Drew Stafford.
3:34 of 1st period - Stopped by Jocelyn Thibault without a rebound.
3:35 of 1st period - Jordan Staal wins face-off versus Valtteri Filppula in Blackhawks zone.
3:48 of 1st period - Snap shot by Patrick Sharp.
3:48 of 1st period - Stopped by Jocelyn Thibault with a rebound.
3:50 of 1st period - Wrist shot by Dustin Brown.
3:50 of 1st period - Shot Blocked by Steve McCarthy.
4:31 of 1st period - Wrist shot by Jaroslav Balastik.
4:31 of 1st period - Stopped by Jocelyn Thibault with a rebound.
4:33 of 1st period - Snap shot by Brent Seabrook.
4:33 of 1st period - Shot Misses the Net.
4:57 of 1st period - George Parros is hit by Cam Barker and loses puck.
5:31 of 1st period - Icing by Cam Barker.
5:32 of 1st period - Valtteri Filppula wins face-off versus Jordan Staal in Rangers zone.
5:45 of 1st period - Sergei Shirokov is hit by Johan Franzen and loses puck.
6:03 of 1st period - Wrist shot by Scott Gomez.
6:03 of 1st period - Stopped by Henrik Lundqvist with a rebound.
6:05 of 1st period - Slapshot by Scott Gomez.
6:05 of 1st period - Stopped by Henrik Lundqvist without a rebound.
6:06 of 1st period - Joe Sakic wins face-off versus Valtteri Filppula in Rangers zone.
6:19 of 1st period - Wrist shot by Loui Eriksson.
6:19 of 1st period - Stopped by Henrik Lundqvist with a rebound.
6:58 of 1st period - Bryan Berard is hit by Brad Ference and loses puck.
7:36 of 1st period - Slapshot by Daniel Carcillo.
7:36 of 1st period - Shot Blocked by Kimmo Timonen.
7:51 of 1st period - Slapshot by Kimmo Timonen.
7:51 of 1st period - Shot Misses the Net.
7:53 of 1st period - Snap shot by Kimmo Timonen.
7:53 of 1st period - Deflect By Daniel Carcillo.
7:53 of 1st period - Stopped by Jocelyn Thibault with a rebound.
7:55 of 1st period - Slapshot by Bryan Berard.
7:55 of 1st period - Stopped by Jocelyn Thibault with a rebound.
7:57 of 1st period - Snap shot by Artem Anisimov.
7:57 of 1st period - Stopped by Jocelyn Thibault without a rebound.
7:58 of 1st period - Patrice Bergeron wins face-off versus Scott Gomez in Blackhawks zone.
9:08 of 1st period - Slapshot by Milan Lucic.
9:08 of 1st period - Stopped by Jocelyn Thibault without a rebound.
9:09 of 1st period - Scott Gomez wins face-off versus Patrice Bergeron in Blackhawks zone.
9:09 of 1st period - Scott Gomez is hit by Cam Barker.
9:33 of 1st period - Wrist shot by Kris Versteeg.
9:33 of 1st period - Stopped by Henrik Lundqvist without a rebound.
9:34 of 1st period - Joe Sakic wins face-off versus Valtteri Filppula in Rangers zone.
9:44 of 1st period - Minor Penalty to Mark Fistric for Hooking.
9:45 of 1st period - Joe Sakic wins face-off versus Milan Lucic in Rangers zone.
10:34 of 1st period - Johan Franzen is hit by Kris Versteeg.
11:24 of 1st period - Kris Versteeg is hit by Patrice Bergeron and loses puck.
11:31 of 1st period - Patrice Bergeron is hit by Rene Bourque and loses puck.
11:44 of 1st period - Penalty to Mark Fistric is over, Mark Fistric is back on ice.
11:54 of 1st period - Alexandre Burrows is hit by George Parros and loses puck.
13:11 of 1st period - Slapshot by Dustin Brown.
13:11 of 1st period - Stopped by Jocelyn Thibault without a rebound.
13:12 of 1st period - Valtteri Filppula wins face-off versus Joe Sakic in Blackhawks zone.
13:33 of 1st period - Minor Penalty to Colby Armstrong for Interference.
13:34 of 1st period - Patrice Bergeron wins face-off versus Jordan Staal in Blackhawks zone.
13:59 of 1st period - Jordan Staal is hit by Cam Barker and loses puck.
15:26 of 1st period - Wrist shot by Scott Gomez.
15:26 of 1st period - Stopped by Henrik Lundqvist with a rebound.
15:28 of 1st period - Snap shot by Scott Gomez.
15:28 of 1st period - Goal by Scott Gomez - Blackhawks : 1 - Rangers : 0.
15:29 of 1st period - Patrice Bergeron wins face-off versus Jordan Staal in neutral zone.
15:31 of 1st period - Off-side.
15:32 of 1st period - Jordan Staal wins face-off versus Patrice Bergeron in neutral zone.
15:33 of 1st period - Penalty to Colby Armstrong is over, Colby Armstrong is back on ice.
15:49 of 1st period - Jordan Staal is hit by Cam Barker and loses puck.
16:04 of 1st period - Wrist shot by Hnat Domenichelli.
16:04 of 1st period - Shot Misses the Net.
16:22 of 1st period - Drew Stafford is hit by Rene Bourque.
16:26 of 1st period - Slapshot by Matt Greene.
16:26 of 1st period - Shot Blocked by Kristopher Letang.
16:39 of 1st period - Icing by Rene Bourque.
16:40 of 1st period - Scott Gomez wins face-off versus Artem Anisimov in Blackhawks zone.
16:55 of 1st period - Snap shot by Colby Armstrong.
16:55 of 1st period - Goal by Colby Armstrong - Blackhawks : 2 - Rangers : 0.
16:56 of 1st period - Scott Gomez wins face-off versus Patrice Bergeron in neutral zone.
16:59 of 1st period - Patrice Bergeron is hit by Rene Bourque and loses puck.
17:45 of 1st period - Wrist shot by Johan Franzen.
17:45 of 1st period - Stopped by Jocelyn Thibault with a rebound.
19:32 of 1st period - Snap shot by Daniel Carcillo.
19:32 of 1st period - Stopped by Henrik Lundqvist without a rebound.
19:33 of 1st period - Kris Versteeg wins face-off versus Byron Ritchie in Rangers zone.
19:38 of 1st period - Slapshot by Rene Bourque.
19:38 of 1st period - Stopped by Henrik Lundqvist with a rebound.
19:40 of 1st period - Snap shot by Rene Bourque.
19:40 of 1st period - Stopped by Henrik Lundqvist without a rebound.
19:41 of 1st period - Alexandre Burrows wins face-off versus Scott Gomez in Rangers zone.
19:52 of 1st period - Snap shot by Brent Seabrook.
19:52 of 1st period - Deflect By Scott Gomez.
19:52 of 1st period - Stopped by Jocelyn Thibault with a rebound.
Goals for this period are 2 for Blackhawks vs 0 for Rangers.
Shots for this period are 16 for Blackhawks vs 10 for Rangers.
2nd period
0:01 of 2nd period - Rene Bourque wins face-off versus Patrice Bergeron in neutral zone.
0:13 of 2nd period - Milan Lucic is hit by Steve McCarthy and loses puck.
0:26 of 2nd period - Colby Armstrong is hit by Valtteri Filppula.
0:32 of 2nd period - Snap shot by Dustin Brown.
0:32 of 2nd period - Stopped by Jocelyn Thibault with a rebound.
0:34 of 2nd period - Wrist shot by Valtteri Filppula.
0:34 of 2nd period - Stopped by Jocelyn Thibault with a rebound.
0:36 of 2nd period - Wrist shot by Valtteri Filppula.
0:36 of 2nd period - Stopped by Jocelyn Thibault with a rebound.
1:11 of 2nd period - Slapshot by Bryan Berard.
1:11 of 2nd period - Stopped by Jocelyn Thibault with a rebound.
1:31 of 2nd period - Snap shot by Patrick Sharp.
1:31 of 2nd period - Stopped by Jocelyn Thibault without a rebound.
1:32 of 2nd period - Valtteri Filppula wins face-off versus Scott Gomez in Blackhawks zone.
1:56 of 2nd period - Wrist shot by Valtteri Filppula.
1:56 of 2nd period - Shot Misses the Net.
2:04 of 2nd period - Snap shot by Dustin Brown.
2:04 of 2nd period - Goal by Dustin Brown - Blackhawks : 2 - Rangers : 1.
2:05 of 2nd period - Scott Gomez wins face-off versus Patrice Bergeron in neutral zone.
2:31 of 2nd period - Brent Seabrook is hit by Stephane Robidas and loses puck.
2:36 of 2nd period - Wrist shot by Loui Eriksson.
2:36 of 2nd period - Stopped by Henrik Lundqvist without a rebound.
2:37 of 2nd period - Joe Sakic wins face-off versus Valtteri Filppula in Rangers zone.
2:52 of 2nd period - Wrist shot by Christian Ehrhoff.
2:52 of 2nd period - Shot Blocked by Dustin Brown.
2:58 of 2nd period - Kristopher Letang is hit by Kimmo Timonen and loses puck.
3:25 of 2nd period - Minor Penalty to Scott Gomez for Holding.
3:26 of 2nd period - Patrice Bergeron wins face-off versus Jordan Staal in Blackhawks zone.
3:29 of 2nd period - Wrist shot by Johan Franzen.
3:29 of 2nd period - Shot Blocked by Steve McCarthy.
3:31 of 2nd period - Wrist shot by Milan Lucic.
3:31 of 2nd period - Shot Misses the Net.
3:33 of 2nd period - Wrist shot by Johan Franzen.
3:33 of 2nd period - Stopped by Jocelyn Thibault with a rebound.
3:35 of 2nd period - Snap shot by Patrice Bergeron.
3:35 of 2nd period - Stopped by Jocelyn Thibault without a rebound.
3:36 of 2nd period - Jordan Staal wins face-off versus Patrice Bergeron in Blackhawks zone.
4:01 of 2nd period - Wrist shot by Johan Franzen.
4:01 of 2nd period - Goal by Johan Franzen - Blackhawks : 2 - Rangers : 2.
4:02 of 2nd period - Milan Lucic wins face-off versus Scott Gomez in neutral zone.
4:31 of 2nd period - Wrist shot by Dustin Brown.
4:31 of 2nd period - Shot Misses the Net.
4:33 of 2nd period - Snap shot by Mark Fistric.
4:33 of 2nd period - Deflect By Dustin Brown.
4:33 of 2nd period - Shot Misses the Net.
4:33 of 2nd period - Puck is out of play.
4:34 of 2nd period - Joe Sakic wins face-off versus Patrice Bergeron in Blackhawks zone.
5:02 of 2nd period - Off-side.
5:03 of 2nd period - Valtteri Filppula wins face-off versus Jordan Staal in neutral zone.
5:10 of 2nd period - Wrist shot by Valtteri Filppula.
5:10 of 2nd period - Stopped by Jocelyn Thibault without a rebound.
5:11 of 2nd period - Scott Gomez wins face-off versus Valtteri Filppula in Blackhawks zone.
5:32 of 2nd period - Rene Bourque is hit by Dustin Brown and loses puck.
6:32 of 2nd period - Snap shot by Patrick Sharp.
6:32 of 2nd period - Shot Misses the Net.
6:34 of 2nd period - Wrist shot by Dustin Brown.
6:34 of 2nd period - Shot Misses the Net.
6:36 of 2nd period - Slapshot by Cam Barker.
6:36 of 2nd period - Stopped by Jocelyn Thibault without a rebound.
6:37 of 2nd period - Joe Sakic wins face-off versus Patrice Bergeron in Blackhawks zone.
7:17 of 2nd period - Kristopher Letang is hit by Drew Stafford and loses puck.
7:40 of 2nd period - Snap shot by George Parros.
7:40 of 2nd period - Shot Misses the Net.
7:50 of 2nd period - Slapshot by Kimmo Timonen.
7:50 of 2nd period - Stopped by Jocelyn Thibault with a rebound.
7:52 of 2nd period - Snap shot by Johan Franzen.
7:52 of 2nd period - Shot Blocked by Brad Ference.
7:54 of 2nd period - Snap shot by Johan Franzen.
7:54 of 2nd period - Stopped by Jocelyn Thibault with a rebound.
7:56 of 2nd period - Snap shot by Bryan Berard.
7:56 of 2nd period - Stopped by Jocelyn Thibault without a rebound.
7:57 of 2nd period - Jordan Staal wins face-off versus Patrice Bergeron in Blackhawks zone.
7:57 of 2nd period - Minor Penalty to Sergei Shirokov for Interference.
7:58 of 2nd period - Jordan Staal wins face-off versus Patrice Bergeron in Blackhawks zone.
9:26 of 2nd period - Patrice Bergeron is hit by Daniel Carcillo and loses puck.
9:57 of 2nd period - Penalty to Sergei Shirokov is over, Sergei Shirokov is back on ice.
10:39 of 2nd period - Matt Greene is hit by Steve McCarthy and loses puck.
11:39 of 2nd period - Kristopher Letang is hit by Matt Greene and loses puck.
11:54 of 2nd period - Christian Ehrhoff is hit by Patrice Bergeron and loses puck.
12:01 of 2nd period - Slapshot by Kristopher Letang.
12:01 of 2nd period - Stopped by Henrik Lundqvist without a rebound.
12:02 of 2nd period - Joe Sakic wins face-off versus Valtteri Filppula in Rangers zone.
12:05 of 2nd period - Slapshot by Loui Eriksson.
12:05 of 2nd period - Stopped by Henrik Lundqvist without a rebound.
12:06 of 2nd period - Joe Sakic wins face-off versus Valtteri Filppula in Rangers zone.
12:07 of 2nd period - Snap shot by Colby Armstrong.
12:07 of 2nd period - Deflect By Joe Sakic.
12:07 of 2nd period - Shot Blocked by Matt Greene.
12:07 of 2nd period - Puck is out of play.
12:08 of 2nd period - Colby Armstrong wins face-off versus Dustin Brown in Rangers zone.
12:13 of 2nd period - Slapshot by Loui Eriksson.
12:13 of 2nd period - Shot Blocked by Patrick Sharp.
12:15 of 2nd period - Slapshot by Steve McCarthy.
12:15 of 2nd period - Shot Misses the Net.
12:17 of 2nd period - Wrist shot by Joe Sakic.
12:17 of 2nd period - Shot Misses the Net.
12:19 of 2nd period - Snap shot by Stephane Robidas.
12:19 of 2nd period - Stopped by Henrik Lundqvist without a rebound.
12:20 of 2nd period - Scott Gomez wins face-off versus Patrice Bergeron in Rangers zone.
12:33 of 2nd period - Snap shot by Scott Gomez.
12:33 of 2nd period - Stopped by Henrik Lundqvist without a rebound.
12:34 of 2nd period - Scott Gomez wins face-off versus Patrice Bergeron in Rangers zone.
12:48 of 2nd period - Off-side.
12:49 of 2nd period - Joe Sakic wins face-off versus Patrice Bergeron in neutral zone.
13:02 of 2nd period - Wrist shot by Joe Sakic.
13:02 of 2nd period - Stopped by Henrik Lundqvist with a rebound.
13:04 of 2nd period - Snap shot by Colby Armstrong.
13:04 of 2nd period - Stopped by Henrik Lundqvist without a rebound.
13:05 of 2nd period - Scott Gomez wins face-off versus Valtteri Filppula in Rangers zone.
13:30 of 2nd period - Snap shot by Milan Lucic.
13:30 of 2nd period - Shot Blocked by Stephane Robidas.
13:36 of 2nd period - Johan Franzen is hit by Joe Sakic and loses puck.
13:41 of 2nd period - Snap shot by Joe Sakic.
13:41 of 2nd period - Shot Misses the Net.
13:51 of 2nd period - Slapshot by Kimmo Timonen.
13:51 of 2nd period - Shot Blocked by Christian Ehrhoff.
14:15 of 2nd period - Slapshot by Kristopher Letang.
14:15 of 2nd period - Shot Misses the Net.
14:40 of 2nd period - Wrist shot by Scott Gomez.
14:40 of 2nd period - Shot Misses the Net.
14:52 of 2nd period - Slapshot by Johan Franzen.
14:52 of 2nd period - Shot Blocked by Colby Armstrong.
15:02 of 2nd period - Wrist shot by Milan Lucic.
15:02 of 2nd period - Shot Misses the Net.
15:16 of 2nd period - Wrist shot by Alexandre Burrows.
15:16 of 2nd period - Stopped by Jocelyn Thibault without a rebound.
15:17 of 2nd period - Byron Ritchie wins face-off versus Scott Gomez in Blackhawks zone.
15:18 of 2nd period - Wrist shot by Drew Stafford.
15:18 of 2nd period - Shot Misses the Net.
15:20 of 2nd period - Slapshot by Brent Seabrook.
15:20 of 2nd period - Shot Blocked by Stephane Robidas.
15:30 of 2nd period - Snap shot by Kris Versteeg.
15:30 of 2nd period - Stopped by Henrik Lundqvist with a rebound.
15:49 of 2nd period - Slapshot by Milan Lucic.
15:49 of 2nd period - Shot Misses the Net.
15:51 of 2nd period - Snap shot by Patrice Bergeron.
15:51 of 2nd period - Shot Misses the Net.
16:24 of 2nd period - Slapshot by Kimmo Timonen.
16:24 of 2nd period - Shot Misses the Net.
16:41 of 2nd period - Icing by Loui Eriksson.
16:42 of 2nd period - Scott Gomez wins face-off versus Byron Ritchie in Blackhawks zone.
16:42 of 2nd period - Scott Gomez is hit by Drew Stafford.
16:54 of 2nd period - Snap shot by Kris Versteeg.
16:54 of 2nd period - Shot Blocked by Byron Ritchie.
17:18 of 2nd period - Backhand shot by Joe Sakic.
17:18 of 2nd period - Shot Misses the Net.
17:56 of 2nd period - Snap shot by Cam Barker.
17:56 of 2nd period - Shot Blocked by George Parros.
17:58 of 2nd period - Snap shot by Jaroslav Balastik.
17:58 of 2nd period - Stopped by Jocelyn Thibault without a rebound.
17:59 of 2nd period - Scott Gomez wins face-off versus Patrice Bergeron in Blackhawks zone.
19:11 of 2nd period - Kris Versteeg is hit by Johan Franzen and loses puck.
19:40 of 2nd period - Wrist shot by Scott Gomez.
19:40 of 2nd period - Stopped by Henrik Lundqvist with a rebound.
19:42 of 2nd period - Slapshot by Kristopher Letang.
19:42 of 2nd period - Shot Blocked by Kimmo Timonen.
Goals for this period are 0 for Blackhawks vs 2 for Rangers.
Shots for this period are 9 for Blackhawks vs 16 for Rangers.
3rd period
0:01 of 3rd period - Patrice Bergeron wins face-off versus Scott Gomez in neutral zone.
0:03 of 3rd period - Off-side.
0:04 of 3rd period - Patrice Bergeron wins face-off versus Scott Gomez in neutral zone.
0:13 of 3rd period - Slapshot by Brent Seabrook.
0:13 of 3rd period - Shot Misses the Net.
0:40 of 3rd period - Minor Penalty to Stephane Robidas for Hooking.
0:41 of 3rd period - Jordan Staal wins face-off versus Patrice Bergeron in Blackhawks zone.
0:57 of 3rd period - Snap shot by Johan Franzen.
0:57 of 3rd period - Shot Misses the Net.
1:09 of 3rd period - Minor Penalty to Dustin Brown for Hooking.
1:10 of 3rd period - Milan Lucic wins face-off versus Joe Sakic in Rangers zone.
2:40 of 3rd period - Penalty to Stephane Robidas is over, Stephane Robidas is back on ice.
3:09 of 3rd period - Penalty to Dustin Brown is over, Dustin Brown is back on ice.
3:37 of 3rd period - Cam Barker is hit by Hnat Domenichelli and loses puck.
3:50 of 3rd period - Daniel Carcillo is hit by Jaroslav Balastik and loses puck.
3:59 of 3rd period - Slapshot by Jaroslav Balastik.
3:59 of 3rd period - Stopped by Jocelyn Thibault with a rebound.
4:09 of 3rd period - Matt Greene is hit by Joe Sakic.
4:13 of 3rd period - Brad Ference is hit by Byron Ritchie and loses puck.
4:44 of 3rd period - Wrist shot by Chris Gratton.
4:44 of 3rd period - Stopped by Henrik Lundqvist without a rebound.
4:45 of 3rd period - Valtteri Filppula wins face-off versus Chris Gratton in Rangers zone.
4:45 of 3rd period - Valtteri Filppula is hit by Christian Ehrhoff.
4:53 of 3rd period - Wrist shot by Chris Gratton.
4:53 of 3rd period - Stopped by Henrik Lundqvist without a rebound.
4:54 of 3rd period - Scott Gomez wins face-off versus Valtteri Filppula in Rangers zone.
7:06 of 3rd period - Slapshot by Drew Stafford.
7:06 of 3rd period - Shot Misses the Net.
7:08 of 3rd period - Slapshot by Kimmo Timonen.
7:08 of 3rd period - Stopped by Jocelyn Thibault with a rebound.
7:14 of 3rd period - Wrist shot by Drew Stafford.
7:14 of 3rd period - Deflect By Alexandre Burrows.
7:14 of 3rd period - Shot Blocked by Wes O'Neill.
7:14 of 3rd period - Puck is out of play.
7:15 of 3rd period - Valtteri Filppula wins face-off versus Scott Gomez in Blackhawks zone.
7:26 of 3rd period - Kris Versteeg is hit by Patrick Sharp and loses puck.
7:41 of 3rd period - Brent Seabrook is hit by Wes O'Neill.
8:00 of 3rd period - Minor Penalty to Milan Lucic for Hooking.
8:01 of 3rd period - Joe Sakic wins face-off versus Jaroslav Balastik in Rangers zone.
8:04 of 3rd period - Snap shot by Kris Versteeg.
8:04 of 3rd period - Shot Blocked by Cam Barker.
8:11 of 3rd period - Icing by Joe Sakic.
8:12 of 3rd period - Joe Sakic wins face-off versus Jaroslav Balastik in Blackhawks zone.
8:29 of 3rd period - Slapshot by Stephane Robidas.
8:29 of 3rd period - Deflect By Kris Versteeg.
8:29 of 3rd period - Stopped by Henrik Lundqvist with a rebound.
8:31 of 3rd period - Snap shot by Rene Bourque.
8:31 of 3rd period - Stopped by Henrik Lundqvist without a rebound.
8:32 of 3rd period - Scott Gomez wins face-off versus Jaroslav Balastik in Rangers zone.
9:11 of 3rd period - Slapshot by Cam Barker.
9:11 of 3rd period - Shot Misses the Net.
10:00 of 3rd period - Penalty to Milan Lucic is over, Milan Lucic is back on ice.
10:27 of 3rd period - Slapshot by Patrice Bergeron.
10:27 of 3rd period - Shot Blocked by George Parros.
11:09 of 3rd period - Slapshot by Kristopher Letang.
11:09 of 3rd period - Deflect By Hnat Domenichelli.
11:09 of 3rd period - Shot Blocked by Mark Fistric.
11:09 of 3rd period - Puck is out of play.
11:10 of 3rd period - Scott Gomez wins face-off versus Valtteri Filppula in Rangers zone.
11:39 of 3rd period - Wrist shot by Joe Sakic.
11:39 of 3rd period - Shot Misses the Net.
11:41 of 3rd period - Slapshot by Brad Ference.
11:41 of 3rd period - Stopped by Henrik Lundqvist without a rebound.
11:42 of 3rd period - Byron Ritchie wins face-off versus Scott Gomez in Rangers zone.
11:51 of 3rd period - Snap shot by Drew Stafford.
11:51 of 3rd period - Stopped by Jocelyn Thibault with a rebound.
11:57 of 3rd period - Cam Barker is hit by Kris Versteeg.
12:11 of 3rd period - Snap shot by Joe Sakic.
12:11 of 3rd period - Stopped by Henrik Lundqvist with a rebound.
12:19 of 3rd period - Joe Sakic is hit by Valtteri Filppula and loses puck.
12:58 of 3rd period - Slapshot by Brent Seabrook.
12:58 of 3rd period - Deflect By Dustin Brown.
12:58 of 3rd period - Stopped by Jocelyn Thibault without a rebound.
12:59 of 3rd period - Scott Gomez wins face-off versus Valtteri Filppula in Blackhawks zone.
13:11 of 3rd period - Kris Versteeg is hit by Patrick Sharp.
13:17 of 3rd period - Patrick Sharp is hit by Stephane Robidas and loses puck.
13:26 of 3rd period - Stephane Robidas is hit by Patrick Sharp and loses puck.
13:49 of 3rd period - Snap shot by Scott Gomez.
13:49 of 3rd period - Deflect By Rene Bourque.
13:49 of 3rd period - Shot Misses the Net.
13:49 of 3rd period - Puck is out of play.
13:50 of 3rd period - Milan Lucic wins face-off versus Joe Sakic in Rangers zone.
13:54 of 3rd period - Cam Barker is hit by Christian Ehrhoff.
14:23 of 3rd period - Daniel Carcillo is hit by Bryan Berard and loses puck.
14:38 of 3rd period - Slapshot by Bryan Berard.
14:38 of 3rd period - Deflect By Stephane Robidas.
14:38 of 3rd period - Stopped by Jocelyn Thibault without a rebound.
14:39 of 3rd period - Chris Gratton wins face-off versus Artem Anisimov in Blackhawks zone.
14:39 of 3rd period - Chris Gratton is hit by Artem Anisimov.
15:04 of 3rd period - Minor Penalty to Matt Greene for Interference.
15:05 of 3rd period - Joe Sakic wins face-off versus Milan Lucic in Rangers zone.
15:45 of 3rd period - Wrist shot by Rene Bourque.
15:45 of 3rd period - Stopped by Henrik Lundqvist with a rebound.
15:47 of 3rd period - Slapshot by Kristopher Letang.
15:47 of 3rd period - Stopped by Henrik Lundqvist with a rebound.
15:49 of 3rd period - Slapshot by Stephane Robidas.
15:49 of 3rd period - Deflect By Brent Seabrook.
15:49 of 3rd period - Stopped by Henrik Lundqvist with a rebound.
15:51 of 3rd period - Slapshot by Kristopher Letang.
15:51 of 3rd period - Deflect By Patrice Bergeron.
15:51 of 3rd period - Stopped by Henrik Lundqvist with a rebound.
15:53 of 3rd period - Snap shot by Rene Bourque.
15:53 of 3rd period - Shot Blocked by Brent Seabrook.
15:55 of 3rd period - Snap shot by Kristopher Letang.
15:55 of 3rd period - Deflect By Joe Sakic.
15:55 of 3rd period - Shot Misses the Net.
15:55 of 3rd period - Puck is out of play.
15:56 of 3rd period - Milan Lucic wins face-off versus Scott Gomez in Rangers zone.
17:04 of 3rd period - Penalty to Matt Greene is over, Matt Greene is back on ice.
18:58 of 3rd period - Steve McCarthy is hit by Jaroslav Balastik and loses puck.
19:11 of 3rd period - Scott Gomez is hit by Valtteri Filppula and loses puck.
Goals for this period are 0 for Blackhawks vs 0 for Rangers.
Shots for this period are 10 for Blackhawks vs 5 for Rangers.
Overtime #1
0:01 of 1st overtime period - Joe Sakic wins face-off versus Milan Lucic in neutral zone.
0:08 of 1st overtime period - Snap shot by Kris Versteeg.
0:08 of 1st overtime period - Shot Misses the Net.
0:10 of 1st overtime period - Wrist shot by Joe Sakic.
0:10 of 1st overtime period - Stopped by Henrik Lundqvist without a rebound.
0:11 of 1st overtime period - Joe Sakic wins face-off versus Milan Lucic in Rangers zone.
0:26 of 1st overtime period - Slapshot by Johan Franzen.
0:26 of 1st overtime period - Deflect By Milan Lucic.
0:26 of 1st overtime period - Stopped by Jocelyn Thibault without a rebound.
0:27 of 1st overtime period - Milan Lucic wins face-off versus Joe Sakic in Blackhawks zone.
1:09 of 1st overtime period - Wrist shot by Scott Gomez.
1:09 of 1st overtime period - Shot Blocked by Patrick Sharp.
1:35 of 1st overtime period - Slapshot by Brent Seabrook.
1:35 of 1st overtime period - Stopped by Jocelyn Thibault with a rebound.
1:37 of 1st overtime period - Slapshot by Brent Seabrook.
1:37 of 1st overtime period - Stopped by Jocelyn Thibault without a rebound.
1:38 of 1st overtime period - Colby Armstrong wins face-off versus Drew Stafford in Blackhawks zone.
1:49 of 1st overtime period - Snap shot by Jordan Staal.
1:49 of 1st overtime period - Shot Misses the Net.
2:33 of 1st overtime period - Rene Bourque is hit by Cam Barker and loses puck.
2:38 of 1st overtime period - Wrist shot by Alexandre Burrows.
2:38 of 1st overtime period - Goal by Alexandre Burrows - Blackhawks : 2 - Rangers : 3.
Goals for this period are 0 for Blackhawks vs 1 for Rangers.
Shots for this period are 1 for Blackhawks vs 4 for Rangers.
Output by the SimonT Hockey Simulator (STHS) for François Prévost -- Original Page W3C XHTML 1.0 Valid